 Dungeon Crawl Stone Soup version 0.25.1-2-g60ff931df9 (webtiles) character file.

Game seed: 7510517071462101602

2307 hawla the Destroyer (level 9, -6/62 HPs)
             Began as a Red Draconian Venom Mage on Nov 12, 2020.
             Killed from afar by an electric eel (9 damage)
             ... with a bolt of electricity
             ... on level 6 of the Dungeon.
             The game lasted 00:21:10 (7031 turns).

hawla the Destroyer (Red Draconian Venom Mage)      Turns: 7031, Time: 00:21:12

Health: -6/62      AC:  7    Str: 16    XL:     9   Next: 18%
Magic:  20/20      EV: 12    Int: 28    God:
Gold:   414        SH:  0    Dex: 13    Spells: 13/23 levels left

rFire    . . .     SeeInvis +   u - +8 trident "Gapriuq" {flame, rF- Str+6 Int-2 SInv}
rCold    . . .     Gourm    .   (no shield)
rNeg     . . .     Faith    .   (armour unavailable)
rPois    .         Spirit   .   (helmet restricted)
rElec    .         Reflect  .   (no cloak)
rCorr    .         Harm     .   (no gloves)
MR       .....                  (no boots)
Stlth    +.........             (no amulet)
HPRegen  0.20/turn              r - +6 ring of intelligence
MPRegen  0.17/turn              i - +6 ring of intelligence

@: about to teleport, invisible, very slow
A: breathe fire, unfitting armour, fire resistance 1, cold-blooded, AC +7
a: Breathe Fire


You were on level 6 of the Dungeon.
You were not hungry.

You visited 1 branch of the dungeon, and saw 6 of its levels.

You collected 414 gold pieces.

Inventory:

Hand Weapons
 u - the +8 trident "Gapriuq" (weapon) {flame, rF- Str+6 Int-2 SInv}
   (You found it on level 4 of the Dungeon)

   It has been specially enchanted to burn those struck by it, causing extra
   injury to most foes and up to half again as much damage against particularly
   susceptible opponents.
   It affects your strength (+6).
   It affects your intelligence (-2).
   It makes you vulnerable to fire.
   It lets you see invisible.
Missiles
 j - 14 poisoned darts (quivered)
 s - 6 boomerangs
Armour
 F - a scarf of harm
Magical Staves
 m - an uncursed staff of summoning
Jewellery
 i - a +6 ring of intelligence (right hand)
 l - an uncursed amulet of faith
 r - a +6 ring of intelligence (left hand)
 w - an uncursed ring of positive energy
 x - a +6 ring of strength {unknown}
 z - an uncursed ring of stealth
 A - an uncursed ring of fire
Wands
 e - a wand of iceblast (13)
 f - a wand of acid (10)
 n - a wand of flame (15)
 v - a wand of random effects (18)
 B - a wand of paralysis (10)
Scrolls
 a - 2 scrolls of remove curse
 c - 5 scrolls of teleportation
 p - 2 scrolls of enchant weapon
 y - a scroll of noise {unknown}
 C - a scroll of identify
 D - a scroll of acquirement {unknown}
Potions
 d - 4 potions of curing
 g - 2 potions of heal wounds {unknown}
 k - a potion of resistance
 o - 2 potions of stabbing {unknown}
 q - 2 potions of brilliance {unknown}
 t - a potion of berserk rage {unknown}
Comestibles
 b - 8 rations


   Skills:
 - Level 1.7 Dodging
 - Level 1.7 Stealth
 - Level 7.9 Spellcasting
   Level 8.2 Conjurations
 + Level 5.5 Transmutations
 + Level 4.0 Fire Magic
 + Level 3.4 Air Magic
 + Level 6.3 Poison Magic


You had 13 spell levels left.
You knew the following spells:

 Your Spells              Type           Power        Failure   Level  Hunger
a - Sting                 Tmut/Pois      ####         1%          1    None
b - Poisonous Vapours     Pois/Air       #####.       1%          2    None
c - Olgreb's Toxic Radia  Pois           #####...     3%          4    ##.....
d - Ignite Poison         Fire/Tmut/Pois #####...     1%          3    None

Your spell library contained the following spells:

 Spells                   Type           Power        Failure   Level  Hunger
 Beastly Appendage        Tmut           #####.       1%          1    None
 Sticks to Snakes         Tmut           #####...     1%          2    None
 Mephitic Cloud           Conj/Pois/Air  #####...     1%          3    None
 Spider Form              Tmut/Pois      #####.....   1%          3    None
 Blade Hands              Tmut           #####.....   14%         5    ####...
 Ice Form                 Ice/Tmut       ####....     16%         4    ##.....


Dungeon Overview and Level Annotations

Branches:
Dungeon (6/15)
 Temple: D:4-7

Altars:
Elyvilon
Fedhas
Kikubaaqudgha
Trog
Uskayaw
Xom
The Shining One


Innate Abilities, Weirdness & Mutations

You can breathe blasts of fire.
Your fiery red scales are hard. (AC +7)
You cannot fit into any form of body armour.
Your flesh is heat resistant. (rF+)
You are cold-blooded and may be slowed by cold attacks.


Message History

The electric eel shoots out a bolt of lightning at you!
The bolt of electricity hits you! The bolt of electricity misses you.
You closely miss the electric eel.
Your tail-slap misses the electric eel.
The electric eel shoots out a bolt of lightning at you!
The bolt of electricity hits you. The bolt of electricity hits you!
The electric eel shoots out a bolt of lightning at you!
The bolt of electricity hits you! x2
* * * LOW HITPOINT WARNING * * *
You are too injured to fight recklessly!
You are too injured to fight recklessly!
As you read the scroll of teleportation, it crumbles to dust.
You feel strangely unstable.
You fade into invisibility!
The centaur shoots an arrow.
The arrow hits the plant.
The centaur shoots an arrow.
The arrow hits the plant.
The electric eel shoots out a bolt of lightning at you!
The bolt of electricity hits you!
* * * LOW HITPOINT WARNING * * *
The bolt of electricity hits you!
You die...

≈≈≈≈≈.≈...#
###≈≈≈≈≈P≈..##
##...≈≈≈≈≈≈≈..##
#...≈.≈≈≈≈≈....#
#.#..≈≈≈≈≈≈≈≈...
.....P≈≈≈≈≈P...
#....P≈;≈c≈≈..
####### #.P@P≈≈≈P..
......###
#..≈P≈≈≈≈..
.....#..#
#..≈P≈≈≈≈≈.....
....#)..#
##(≈P≈≈≈≈........
#..#....#
#.≈.P≈≈P.........
.##.....#
#...≈≈≈≈≈.......>..
.##.....#
#...P≈≈≈≈..........
..##..###
#..≈≈P≈≈≈≈.........
#.##.#####
##...≈≈≈≈...........


You could see a centaur and an electric eel.

Vanquished Creatures
  Pikel (D:5)
  Sigmund (D:2)
  Eustachio (D:6)
  4 ogres
  2 scorpions
  A howler monkey (D:5)
  An electric eel (D:6)
  5 crimson imps
  A jelly (D:5)
  2 orc priests (D:4)
  2 bullfrog skeletons (D:5)
  2 iguanas
  Ijyb (D:3)
  3 worker ants
  Terence (D:3)
  3 hound skeletons
  10 adders
  7 gnolls
  3 oozes
  An adder skeleton (D:5)
  2 worms
  2 dart slugs
  5 leopard geckos
  13 orcs
  2 ball pythons
  10 giant cockroaches
  5 hobgoblins
  10 jackals
  8 kobolds
  A quokka (D:5)
  A ball python skeleton (D:5)
  7 bats
  3 frilled lizards
  6 goblins
  A goblin skeleton (D:6)
  A hobgoblin zombie (D:6)
  A kobold skeleton (D:6)
  A kobold zombie (D:6)
  An orc skeleton (D:6)
  3 orc zombies (D:6)
  12 rats
147 creatures vanquished.

Vanquished Creatures (others)
  A crimson imp (D:5)
  A hound (D:5)
2 creatures vanquished.

Grand Total: 149 creatures vanquished

Notes
Turn   | Place    | Note
-------+----------+-------------------------------------------
     0 | D:1      | hawla the Draconian Venom Mage began the quest for the Orb.
     0 | D:1      | Reached XP level 1. HP: 14/14 MP: 3/3
   217 | D:1      | Reached XP level 2. HP: 20/20 MP: 0/5
   224 | D:1      | Learned a level 2 spell: Poisonous Vapours
  1145 | D:2      | Reached XP level 3. HP: 26/26 MP: 1/6
  1311 | D:2      | Noticed Sigmund
  1356 | D:2      | Killed Sigmund
  1356 | D:2      | Reached XP level 4. HP: 16/33 MP: 2/7
  1356 | D:2      | Reached XP level 5. HP: 18/38 MP: 2/8
  1873 | D:2      | Reached skill level 5 in Poison Magic
  2513 | D:3      | Reached skill level 8 in Conjurations
  2513 | D:3      | Reached XP level 6. HP: 45/45 MP: 8/16
  2636 | D:3      | Learned a level 4 spell: Olgreb's Toxic Radiance
  2640 | D:3      | Learned a level 3 spell: Ignite Poison
  2640 | D:3      | Noticed Ijyb
  2646 | D:3      | Killed Ijyb
  2756 | D:3      | Your scales start taking on a fiery red colour.
  2756 | D:3      | Reached XP level 7. HP: 50/50 MP: 13/18
  2756 | D:3      | Gained mutation: Your flesh is heat resistant. (rF+) [Red
                  | Draconian growth]
  2861 | D:3      | Found a shimmering altar of Xom.
  3025 | D:3      | Noticed Terence
  3033 | D:3      | Killed Terence
  3067 | D:3      | Reached skill level 1 in Fire Magic
  3067 | D:3      | Reached skill level 1 in Air Magic
  4249 | D:4      | Got a faintly glowing trident
  4250 | D:4      | Identified the +8 trident "Gapriuq" {flame, rF- Str+6 Int-2
                  | SInv} (You found it on level 4 of the Dungeon)
  4262 | D:4      | Reached XP level 8. HP: 57/57 MP: 2/19
  4444 | D:4      | Found an ancient bone altar of Kikubaaqudgha.
  4481 | D:4      | Found a bloodstained altar of Trog.
  5129 | D:5      | Entered Level 5 of the Dungeon
  5175 | D:5      | Noticed Pikel
  5183 | D:5      | Killed Pikel
  5183 | D:5      | Reached skill level 5 in Transmutations
  5978 | D:5      | Reached XP level 9. HP: 62/62 MP: 20/20
  6334 | D:6      | Found a shimmering altar of Xom.
  6334 | D:6      | Found a blossoming altar of Fedhas.
  6334 | D:6      | Found a white marble altar of Elyvilon.
  6336 | D:6      | Found a hide-covered altar of Uskayaw.
  6339 | D:6      | Found a glowing golden altar of the Shining One.
  6587 | D:6      | Noticed Eustachio
  6595 | D:6      | Killed Eustachio
  7031 | D:6      | HP: 3/62 [electric eel/bolt of electricity (11)]
  7031 | D:6      | Killed from afar by an electric eel

Illustrated notes

Levels and vault maps discovered:
D:1:      dpeg_arrival_stone_temple_mockup, layout_basic, minmay_misc_feat_rows
D:2:      minmay_spotlight, layout_rooms, uniq_sigmund
D:3:      layout_basic, gup_sewer_entry_pipe, skrybe_limestone_x, led_xom_imps,
          uniq_terence, uniq_ijyb
D:4:      layout_gridville, nicolae_overflow_crystal_walls,
          lemuel_crystal_altar, first_ration
D:5:      layout_loops_ring, nrook_uturn, kennysheep_generic_room_5, uniq_pikel
D:6:      layout_cave_pods, nicolae_tso_besieged_by_evil,
          grunt_temple_overflow_open, chequers_big_river,
          hangedman_decor_slide_cut, uniq_eustachio

Skill      XL: |  1  2  3  4  5  6  7  8  9 |
---------------+----------------------------+-----
Transmutations | 2 3 4 5 |  5.5
Poison Magic   | 4 5 6 |  6.3
Spellcasting   | 7 |  7.9
Conjurations   | 8 |  8.2
Fire Magic     | 2 3 4 |  4.0
Air Magic      | 2 3 |  3.4
Dodging        | |  1.7
Stealth        | |  1.7

Action                   |  1- 3 |  4- 6 |  7- 9 || total
-------------------------+-------+-------+-------++-------
Melee: Unarmed           |    11 |    10 |       ||    21
       Tailslap          |     1 |     1 |     6 ||     8
       Staff             |       |     2 |    28 ||    30
       Trident           |       |       |    58 ||    58
 Cast: Sting             |    27 |    25 |    65 ||   117
       Poisonous Vapours |    13 |    22 |    69 ||   104
       Ignite Poison     |       |     1 |     4 ||     5
       Olgreb's Toxic Ra |       |       |    13 ||    13
  Use: Scroll            |     2 |     3 |     4 ||     9
       Potion            |       |     1 |     1 ||     2
 Stab: Sleeping          |       |       |     2 ||     2
  Eat: Chunk             |     2 |     6 |    14 ||    22
Armor: Skin              |    12 |    18 |    41 ||    71
Dodge: Dodged            |    30 |    30 |    74 ||   134
